 Dungeon Crawl Stone Soup version 0.16-a0-328-gfd822c7 (webtiles) character file.

112 MRaven the Ruinous (level 4, 0/24 HPs)
             Began as a Tengu Conjurer on Sept 5, 2014.
             Killed from afar by dm0's ghost (9 damage)
             ... with a magic dart
             ... on Level 3 of the Dungeon on Sept 6, 2014.
             The game lasted 00:17:25 (2297 turns).

MRaven the Ruinous (Tengu Conjurer)                 Turns: 2297, Time: 00:17:25

HP   0/24        AC  2     Str  8      XL: 4   Next: 93%
MP   1/9         EV 12     Int 16      God:
Gold 164         SH  0     Dex 15      Spells:  3 memorised,  1 level left

rFire  . . .     SeeInvis .     j - +0 dagger
rCold  . . .     Clarity  .     a - +0 robe
rNeg   . . .     rCorr    .     (no shield)
rPois  .         rRot     .     (helmet restricted)
rElec  .         Spirit   .     (no cloak)
SustAb .         Warding  .     (no gloves)
rMut   +         Stasis   .     (boots unavailable)
Gourm  .                        f - amulet of resist mutation
MR     .....                    (no ring)
                                (no ring)

@: confused, very slightly contaminated, invisible, not resistant to hostile
enchantments, very unstealthy
A: beak, talons 3
a: no special abilities


You were on level 3 of the Dungeon.
You were hungry.

You visited 1 branch of the dungeon, and saw 3 of its levels.

You collected 164 gold pieces.

Inventory:

Hand weapons
 j - a +0 dagger (weapon)
Missiles
 g - 2 throwing nets (quivered)
Armour
 a - a +0 robe (worn)
Magical devices
 e - a wand of slowing (13)
Comestibles
 b - 2 bread rations
 n - a chunk of rat flesh
 o - a rotting chunk of worm flesh
 p - 4 rotting chunks of jackal flesh
Jewellery
 d - an uncursed ring of fire
 f - an amulet of resist mutation (around neck)
Potions
 h - a potion of lignification
Books
 c - a book of Conjurations

   Spells                             Type                      Level
   *Magic Dart                        Conjuration                  1
   *Searing Ray                       Conjuration                  2
   Dazzling Spray                     Conjuration/Hexes            3
   Fulminant Prism                    Conjuration/Hexes            4
   *Iskenderun's Mystic Blast         Conjuration                  4
   Iskenderun's Battlesphere          Conjuration/Charms           5


   Skills:
 + Level 0.0 Fighting
 + Level 2.2 Dodging
 - Level 2.0 Stealth
 * Level 2.9 Spellcasting
 + Level 7.3 Conjurations


You had one spell level left.
You knew the following spells:

 Your Spells              Type           Power        Failure   Level  Hunger
a - Magic Dart            Conj           ####         1%          1    #......
b - Searing Ray           Conj           ####..       1%          2    ##.....
c - Iskenderun's Mystic   Conj           ####....     12%         4    #####..


Dungeon Overview and Level Annotations

Branches:
Dungeon (3/15)

Altars:

Annotations:
D:3 dm0's ghost, average DECj


Innate Abilities, Weirdness & Mutations

You have a beak for a mouth.
You have claws for feet.


Message History

The searing ray hits dm0's ghost.
Dm0's ghost is heavily damaged.
The searing ray hits dm0's ghost.
Dm0's ghost is almost destroyed.
Dm0's ghost gestures at you while chanting.
The spray of energy hits you!
Ouch! That really hurt!
You are confused.
Drink which item? (? for menu, Esc to quit)
You fade into invisibility!
It was a potion of invisibility.
Dm0's ghost hits you.
You are very lightly contaminated with residual magic.
You miss dm0's ghost.
Dm0's ghost is almost destroyed.
Dm0's ghost barely misses you.
You miss dm0's ghost. You peck dm0's ghost.
Dm0's ghost is almost destroyed.
Dm0's ghost casts a spell at you. The magic dart hits you!
You die...

#### #####..
...#.#
###?###.#.#
........W@###
#####.#.#...#
#.#<#.#
#.###.# #. .#
#. ## #. #. .


You could see dm0's ghost.

Vanquished Creatures
  3 gnolls (D:2)
  2 adders (D:2)
  A giant mite (D:2)
  A worm (D:2)
  A giant gecko (D:1)
  4 giant cockroaches
  4 hobgoblins
  4 jackals (D:2)
  A ball python (D:1)
  9 bats
  3 giant newts
  3 goblins
  8 kobolds
  A quokka (D:2)
  8 rats
53 creatures vanquished.

Notes
Turn   | Place    | Note
--------------------------------------------------------------
     0 | D:1      | MRaven, the Tengu Conjurer, began the quest for the Orb.
     0 | D:1      | Reached XP level 1. HP: 10/10 MP: 3/3
   303 | D:1      | Reached XP level 2. HP: 12/15 MP: 5/5
   313 | D:1      | Learned a level 2 spell: Searing Ray
   813 | D:1      | Upgraded the game from 0.16-a0-327-gbff0e38 to 0.16-a0-328-gfd822c7
   855 | D:1      | Reached skill level 6 in Conjurations
   972 | D:1      | Reached XP level 3. HP: 19/19 MP: 4/7
  1599 | D:2      | Reached XP level 4. HP: 24/24 MP: 2/9
  1682 | D:2      | Learned a level 4 spell: Iskenderun's Mystic Blast
  1845 | D:2      | Reached skill level 7 in Conjurations
  2288 | D:3      | Noticed dm0's ghost (average DECj)
  2297 | D:3      | Killed from afar by dm0's ghost

Action                   |  1- 3 |  4- 6 || total
-------------------------+-------+-------++-------
Melee: Whip              |     6 |       ||     6
       Dagger            |     3 |     5 ||     8
 Cast: Magic Dart        |    47 |    11 ||    58
       Searing Ray       |     9 |     6 ||    15
       Iskenderun's Myst |       |     1 ||     1
Evoke: Wand              |     1 |       ||     1
  Use: Scroll            |     1 |     3 ||     4
       Potion            |       |     1 ||     1
  Eat: Chunk             |     3 |     2 ||     5
